 Dungeon Crawl Stone Soup version 0.18-a0-1405-g73f4075 (webtiles) character file.

160 Kidiri the Magician (level 5, -2/29 HPs)
             Began as a Deep Elf Fire Elementalist on Feb 24, 2016.
             Killed from afar by an orc wizard (8 damage)
             ... with a puff of flame
             ... on level 3 of the Dungeon.
             The game lasted 00:08:16 (3854 turns).

Kidiri the Magician (Deep Elf Fire Elementalist)    Turns: 3854, Time: 00:08:16

Health: -2/29      AC:  4    Str:  5    XL:     5   Next: 17%
Magic:  10/14      EV: 13    Int: 21    God:
Gold:   110        SH:  0    Dex: 15    Spells: 5 memorised, 0 levels left

rFire  . . .     SeeInvis .     m - +0 rapier
rCold  . . .     Gourm    .     a - +0 robe
rNeg   . . .     Faith    .     (no shield)
rPois  .         Spirit   .     p - +1 helmet
rElec  .         Dismiss  .     (no cloak)
rCorr  .         Reflect  .     (no gloves)
SustAt .         Harm     .     (no boots)
MR     .....                    (no amulet)
Stlth  ++........               (no ring)
                                (no ring)

@: not resistant to hostile enchantments, unstealthy
A: no striking features
a: no special abilities


You were on level 3 of the Dungeon.
You were not hungry.

You visited 1 branch of the dungeon, and saw 3 of its levels.

You collected 110 gold pieces.

Inventory:

Hand Weapons
 m - a +0 rapier (weapon)
Armour
 a - a +0 robe (worn)
 p - a +1 helmet (worn)
Scrolls
 d - a scroll of amnesia
 h - a scroll of remove curse
Potions
 e - a potion of invisibility
 i - a potion of cancellation
 k - a potion of lignification
 l - 2 potions of curing {unknown}
 n - a potion of might
 o - a potion of agility
Books
 b - a book of Flames

   Spells                             Type                      Level
   a - Flame Tongue                   Conjuration/Fire             1
   b - Throw Flame                    Conjuration/Fire             2
   c - Conjure Flame                  Conjuration/Fire             3
   d - Inner Flame                    Hexes/Fire                   3
   e - Sticky Flame                   Conjuration/Fire             4
   f - Fireball                       Conjuration/Fire             5
Comestibles
 c - 2 bread rations
 f - 4 fruits
 g - a chunk of flesh
 j - a slice of pizza


   Skills:
 + Level 1.0 Fighting
 + Level 3.1 Dodging
 + Level 3.4 Stealth
 * Level 4.8 Spellcasting
 + Level 2.0 Conjurations
 + Level 1.6 Hexes
 + Level 3.8 Fire Magic


You couldn't memorise any spells.
You knew the following spells:

 Your Spells              Type           Power        Failure   Level  Hunger
a - Flame Tongue          Conj/Fire      ###..        3%          1    None
b - Throw Flame           Conj/Fire      ###...       6%          2    None
c - Conjure Flame         Conj/Fire      ###.....     12%         3    ##.....
d - Inner Flame           Hex/Fire       ###.....     14%         3    ##.....
e - Sticky Flame          Conj/Fire      ###.....     34%         4    ####...


Dungeon Overview and Level Annotations

Branches:
Dungeon (3/15)

Altars:
Dithmenos
Elyvilon
Fedhas
Sif Muna


Message History

The puff of frost hits you!
* * * LOW HITPOINT WARNING * * *
The orc priest casts a cantrip, but nothing happens.
Unknown command.
Unknown command.
Read which item? (? for menu, Esc to quit)
Okay, then.
Unknown command.
Casting: Throw Flame
Confirm with . or Enter, or press ? or * to list all spells.
Aiming: Conjure Flame
Press: ? - help, Dir - move target cursor, p - orc wizard The fire roars!
Unknown command.
The orc wizard looks braver for a moment.
The orc wizard casts a spell.
The orc wizard seems to speed up.
The orc wizard casts a spell at you. The puff of flame hits you!
You die...

#...##.# #.....# .o)g
#..###.## #.....#
#..##
#..###..###.....#
##...###
................#
#......##
..#####.###.....#
###o)...# #.#
#..###....# #..).###
#.# ##.###....#
#......# #.#
#..##....#######o..##
#.#
##.......@.....§o.##
..#
####.#############
.## ##.### ## #....#
###########....#
...............#
################


You could see an orc wizard and an orc.

Vanquished Creatures
  Natasha (twice) (D:3)
  Robin (D:3)
  3 adders
  2 dart slugs (D:3)
  3 giant geckos
  An orc (D:3)
  2 ball pythons (D:1)
  2 giant cockroaches
  14 goblins
  8 hobgoblins
  4 jackals (D:2)
  6 kobolds
  A quokka (D:3)
  6 bats
  4 giant newts
  5 rats
64 creatures vanquished.

Notes
Turn   | Place    | Note
--------------------------------------------------------------
     0 | D:1      | Kidiri the Deep Elf Fire Elementalist began the quest for the Orb.
     0 | D:1      | Reached XP level 1. HP: 10/10 MP: 6/6
   406 | D:1      | Reached XP level 2. HP: 10/15 MP: 4/8
   411 | D:1      | Learned a level 2 spell: Throw Flame
  1285 | D:2      | Found a shadowy altar of Dithmenos.
  1379 | D:2      | Found a deep blue altar of Sif Muna.
  1618 | D:2      | Reached XP level 3. HP: 17/19 MP: 3/10
  1622 | D:2      | Reached skill level 4 in Spellcasting
  1628 | D:2      | Learned a level 3 spell: Conjure Flame
  1632 | D:2      | Learned a level 3 spell: Inner Flame
  2157 | D:3      | Found a blossoming altar of Fedhas.
  2233 | D:3      | Noticed Natasha
  2240 | D:3      | Killed Natasha
  2240 | D:3      | Reached skill level 1 in Hexes
  2240 | D:3      | Reached XP level 4. HP: 13/24 MP: 4/12
  2386 | D:3      | Found a white marble altar of Elyvilon.
  2768 | D:3      | Reached skill level 1 in Fighting
  2919 | D:3      | Noticed Robin
  3204 | D:3      | Noticed Natasha
  3210 | D:3      | Killed Natasha
  3210 | D:3      | Reached XP level 5. HP: 6/29 MP: 7/14
  3476 | D:3      | Killed Robin
  3699 | D:3      | Learned a level 4 spell: Sticky Flame
  3854 | D:3      | Killed from afar by an orc wizard

Vault maps used:
D:1:      dpeg_arrival_central
D:2:      grunt_dithmenos_smoke_and_mirrors, lemuel_coloured_pillars_altar
D:3:      lemuel_crystal_altar, nicolae_tso_carved_into_rock,
          nicolae_overflow_crystal_walls, first_bread, uniq_natasha, uniq_robin

Skill      XL: |  1  2  3  4  5 |
---------------+----------------+-----
Spellcasting   | 4 |  4.8
Stealth        | 3 |  3.4
Dodging        | 3 |  3.1
Hexes          | 1 |  1.6
Fighting       | 1 |  1.0
Conjurations   | 2 |  2.0
Fire Magic     | |  3.8

Action                   |  1- 3 |  4- 6 || total
-------------------------+-------+-------++-------
Melee: Dagger            |     2 |       ||     2
       Rapier            |     1 |     5 ||     6
 Cast: Flame Tongue      |    48 |    32 ||    80
       Throw Flame       |    11 |    22 ||    33
       Conjure Flame     |       |     4 ||     4
  Use: Scroll            |     5 |     2 ||     7
 Stab: Sleeping          |     1 |       ||     1
  Eat: Chunk             |     4 |     5 ||     9
